 Dungeon Crawl Stone Soup version 0.20.1-1-g8b1a95d (webtiles) character file.

60408 letownia2 the Reanimator (level 14, 108/118 HPs)
             Began as a Deep Dwarf Necromancer on Nov 28, 2017.
             Was an Initiate of Gozag.
             Quit the game on level 2 of the Orcish Mines.
             The game lasted 01:17:31 (19396 turns).

letownia2 the Reanimator (Deep Dwarf Necromancer)  Turns: 19396, Time: 01:17:31

Health: 108/118    AC: 27    Str: 14    XL:     14   Next: 56%
Magic:  37/37      EV: 11    Int: 19    God:    Gozag
Gold:   517        SH: 11    Dex: 13    Spells: 15/33 levels left

rFire    + + .     SeeInvis .   a - +6 long sword "Iroavuid" {pain, rElec}
rCold    x . .     Gourm    .   A - +2 buckler {AC+3}
rNeg     + . .     Faith    .   n - +1 fire dragon scales
rPois    .         Spirit   .   x - +1 helmet
rElec    +         Reflect  +   X - +2 cloak
rCorr    .         Harm     .   (no gloves)
MR       ++...                  q - +1 pair of boots
Stlth    ..........             d - +4 amulet of reflection
Regen    0.0/turn               Q - +4 ring of protection
MPRegen  0.3/turn               L - ring of magical power

@: non-regenerating
A: damage resistance, heal wounds, negative energy resistance 1, sense
surroundings 2, no regeneration
a: Heal Wounds, Potion Petition, Call Merchant, Bribe Branch, Renounce Religion


You were on level 2 of the Orcish Mines.
You worshipped Gozag.
Gozag was pleased with you.
You were near starving.

You visited 3 branches of the dungeon, and saw 22 of its levels.
You also visited: Labyrinth.

You collected 6206 gold pieces.
You spent 54 gold pieces at shops.
You paid 5635 gold pieces to Gozag.

Inventory:

Hand Weapons
 a - the +6 long sword "Iroavuid" (weapon) {pain, rElec}
   (You found it on level 7 of the Dungeon)

   In the hands of one skilled in necromantic magic, it inflicts extra damage on
   living creatures.
   It insulates you from electricity.
 b - a +2 whip of electrocution
 t - a +3 broad axe
 H - a +2 morningstar of holy wrath
Missiles
 F - 6 javelins (quivered)
Armour
 g - the +0 ring mail of Deavasimn {rPois rC+}
   (You found it on level 2 of the Lair of Beasts)

   It protects you from cold.
   It protects you from poison.
 n - +1 fire dragon scales (worn)
 q - a +1 pair of boots (worn)
 x - a +1 helmet (worn)
 z - a scarf of cloud immunity
 A - a +2 buckler of protection (worn)
 T - a +0 ring mail of magic resistance
 X - a +2 cloak (worn)
 Z - a +1 chain mail of positive energy
Jewellery
 d - a +4 amulet of reflection (around neck)
 e - the ring "Fus Xez" {Ice rElec}
   (You took it off a minotaur in a labyrinth)

   [ring of ice]

   It enhances your ice magic.
   It makes you vulnerable to fire.
   It protects you from cold.
   It insulates you from electricity.
 y - an uncursed amulet of magic regeneration
 L - a ring of magical power (right hand)
 Q - a +4 ring of protection (left hand)
 W - an uncursed ring of protection from fire
Wands
 k - a wand of random effects (4/48)
 o - a wand of flame (12/48)
 w - a wand of digging (12/24)
 E - a wand of flame (0/48)
 I - a wand of digging (9/24)
 J - a wand of iceblast (6/15)
 N - a wand of clouds (5/9)
 Y - a wand of disintegration (13/24)
Scrolls
 m - 3 scrolls of teleportation
 r - 5 scrolls of remove curse
 u - a scroll of magic mapping
 D - 5 scrolls of blinking
 K - a scroll of brand weapon {unknown}
 P - a scroll of torment {unknown}
 S - a scroll of recharging
 U - a scroll of vulnerability {unknown}
 V - a scroll of immolation
Potions
 f - a potion of haste
 h - 3 potions of brilliance
 i - a potion of invisibility {unknown}
 j - a potion of magic
 l - 2 potions of ambrosia
 p - 2 potions of mutation
 s - a potion of resistance {unknown}
 v - 3 potions of agility
 B - 2 potions of cancellation
 C - a potion of lignification
 G - 8 potions of curing {unknown}
 M - 3 potions of flight
 R - 3 potions of might
Comestibles
 c - 10 bread rations
 O - 5 meat rations


   Skills:
 - Level 5.6 Fighting
 + Level 11.9 Axes
 - Level 9.0 Armour
 - Level 5.2 Dodging
 - Level 2.4 Stealth
 - Level 4.0 Shields
 + Level 10.4 Spellcasting
 - Level 3.2 Conjurations
 - Level 2.7 Hexes
 - Level 2.0 Summonings
 - Level 14.5 Necromancy
 - Level 2.0 Transmutations
 - Level 3.0 Fire Magic
 - Level 3.2 Air Magic
 - Level 2.0 Poison Magic
 - Level 6.3 Evocations


You had 15 spell levels left.
You knew the following spells:

 Your Spells              Type           Power        Failure   Level  Hunger
a - Pain                  Necr           ####         1%          1    None
c - Conjure Flame         Conj/Fire      ###.....     26%         3    None
d - Throw Flame           Conj/Fire      ###...       13%         2    None
i - Silence               Hex/Air        ###.......   94%         5    #####..
n - Ignite Poison         Fire/Tmut/Pois ###.....     34%         3    None
v - Vampiric Draining     Necr           ######....   1%          3    None
z - Summon Butterflies    Summ           ###.....     13%         1    None


Dungeon Overview and Level Annotations

Branches:
Dungeon (14/15)            Temple (0/1) D:6            Lair (6/6) D:11
  Slime (0/5) Lair:5          Orc (2/2) D:12            Elf (0/3) Orc:2
  Swamp: Lair:2-4    Shoals: Lair:2-4     Snake: Lair:2-4    Spider: Lair:2-4
 Vaults: D:13-14

Altars:
Dithmenos
Elyvilon
Fedhas
Gozag
Hepliaklqana
Makhleb
Okawaru
Qazlal
Ru
The Shining One
Beogh

Shops:
D:6 [   D:12 [   Orc:2 [:(((   Lair:2 [:[[*

Annotations:
D:10 2 exclusions
D:11 exclusion: downstairs
D:12 1 exclusion
D:14 1 exclusion


Innate Abilities, Weirdness & Mutations

You are resistant to damage.
You can heal yourself by infusing magical energy.
You resist negative energy. (rN+)
You passively map the area around you.
You do not regenerate.


Message History

Done exploring.
Done exploring.
Done exploring.
Done exploring.
Done exploring.
Done exploring.
Search for what [Enter for "sinv", or ? for help]? armou
(D) Dungeon (T) Temple (L) Lair (M) Slime Pits (O) Orcish Mines (E) Elven Halls
Where to? (Enter - Orc:2, ? - help)
Okay, then.
Unknown command. [a] 1550 gold - Orriovo's Food Shop [b] 929 gold - Ypao's Weapon Emporium [c] 1707 gold - Foxu's Distillery [d] 1426 gold - Paiv's Antique Armour Shoppe Fund which merchant?
You no longer have enough gold to fund merchants seeking to open stores in the dungeon.
Paiv invites you to visit its Antique Armour Shoppe.
Are you sure you want to abandon this character and quit the game? (Confirm with "yes".)

#....................
##.#.................
######..............
##.........)..)
#....)......)..
##...)..........
###.#.)..)[)).....
##.......#..[<.....
#.@.......[........
##.#...........))..
####.............)
##...#.).....<).
#.....#........)
#...............
##..............
##.....#....#)...
#[......#.....)..


There were no monsters in sight!

Vanquished Creatures
  Rupert (Orc:2)
  An orc warlord (Orc:2)
  Snorg (Lair:5)
  4 ogre magi (Orc:2)
  A minotaur (Lab)
  Erolcha (D:9)
  3 hydras
  2 death knights
  A centaur warrior (D:13)
  2 death yaks (Lair:5)
  18 two-headed ogres
  Urug (Lair:3)
  An orc high priest (Orc:1)
  An unseen horror (D:11)
  A wizard (D:14)
  3 orc knights
  An ugly thing (D:12)
  A manticore (D:14)
  An elephant (Lair:5)
  4 orc sorcerers
  2 cyclopes
  2 black mambas
  2 gargoyles
  8 spiny frogs
  5 komodo dragons
  A rime drake (Lair:1)
  4 freezing wraiths
  4 trolls
  A merfolk (D:12)
  2 hornets
  3 blink frogs (Lair:5)
  A dream sheep (Lair:6)
  A blink frog (shapeshifter) (D:14)
  4 hippogriffs
  2 wraiths
  4 fire bats (Lair:5)
  3 wyverns (D:11)
  A steam dragon (Lair:5)
  17 yaks
  A hungry ghost (D:11)
  A basilisk (D:11)
  6 wargs (Orc:2)
  A soldier ant (D:11)
  5 water moccasins
  26 orc warriors
  4 porcupines
  4 ice beasts
  A swamp drake (D:11)
  4 sky beasts
  10 wolves
  2 black bears
  5 phantoms
  31 ogres
  3 centaurs
  11 crocodiles
  10 bullfrogs
  3 scorpions
  6 wights
  3 howler monkeys
  2 centaur zombies
  3 bullfrog zombies
  6 crimson imps
  16 orc priests
  6 jellies
  6 hounds
  23 orc wizards
  A bullfrog skeleton (D:7)
  5 centaur skeletons
  Ijyb (D:3)
  4 iguanas
  Natasha (thrice) (D:2)
  10 worker ants
  A killer bee zombie (D:7)
  A worker ant zombie (D:9)
  Robin (D:2)
  10 adders
  A howler monkey skeleton (D:5)
  11 gnolls
  3 shadow imps
  An ooze (D:2)
  3 adder skeletons
  3 worms
  2 dart slugs
  6 leopard geckos
  80 orcs
  6 giant cockroaches
  13 goblins
  6 hobgoblins
  14 jackals
  8 kobolds
  7 quokkas
  2 ball pythons
  9 bats
  4 frilled lizards
  A giant cockroach zombie (D:5)
  A quokka skeleton (D:4)
  14 rats
547 creatures vanquished.

Vanquished Creatures (others)
  Maurice (D:9)
  An ooze (D:4)
  A fungus (Lair:1)
  3 plants
6 creatures vanquished.

Grand Total: 553 creatures vanquished

Notes
Turn   | Place    | Note
-------+----------+-------------------------------------------
     0 | D:1      | letownia2 the Deep Dwarf Necromancer began the quest for the Orb.
     0 | D:1      | Reached XP level 1. HP: 15/15 MP: 3/3
   355 | D:2      | Reached XP level 2. HP: 22/22 MP: 3/5
   595 | D:4      | Found a stormy altar of Qazlal.
   649 | D:4      | Found a burning altar of Makhleb.
   691 | D:4      | Found a sacrificial altar of Ru.
   857 | D:4      | Reached skill level 5 in Necromancy
   857 | D:4      | Reached XP level 3. HP: 28/28 MP: 1/6
   907 | D:3      | Found a hazy altar of Hepliaklqana.
   925 | D:3      | Reached skill level 6 in Necromancy
   925 | D:3      | Reached XP level 4. HP: 27/36 MP: 0/7
  1143 | D:4      | Learned a level 3 spell: Vampiric Draining
  1470 | D:4      | Reached XP level 5. HP: 40/43 MP: 8/8
  1596 | D:5      | Entered Level 5 of the Dungeon
  1596 | D:5      | Noticed a hippogriff
  1596 | D:5      | Noticed a centaur
  1611 | D:4      | Killed a hippogriff
  1611 | D:4      | Reached skill level 1 in Fighting
  1611 | D:4      | Reached skill level 7 in Necromancy
  1611 | D:4      | Reached XP level 6. HP: 21/52 MP: 0/10
  1864 | D:5      | Found an opulent altar of Gozag.
  1870 | D:5      | Became a worshipper of Gozag Ym Sagoz the Greedy
  2033 | D:2      | Noticed Robin
  2255 | D:3      | Noticed Ijyb
  2265 | D:3      | Killed Ijyb
  2265 | D:3      | Reached XP level 7. HP: 41/61 MP: 0/11
  2357 | D:2      | Reached skill level 1 in Axes
  2372 | D:2      | Killed Robin
  2413 | D:2      | Found a shadowy altar of Dithmenos.
  2505 | D:2      | Noticed Natasha
  2511 | D:2      | Killed Natasha
  2618 | D:2      | Noticed Natasha
  2625 | D:2      | Killed Natasha
  2631 | D:2      | Noticed Natasha
  2634 | D:2      | Killed Natasha
  2968 | D:1      | Reached skill level 8 in Necromancy
  3959 | D:5      | Reached skill level 1 in Armour
  4105 | D:5      | Reached skill level 1 in Shields
  4269 | D:5      | Found a glowing golden altar of the Shining One.
  4441 | D:6      | Found a staircase to the Ecumenical Temple.
  4479 | D:6      | Reached XP level 8. HP: 38/68 MP: 10/14
  4561 | D:6      | Reached skill level 5 in Spellcasting
  4587 | D:6      | Found Ablacen's Armour Boutique.
  5226 | D:7      | Gained mutation: You passively map the area around you. [Deep Dwarf growth]
  5226 | D:7      | Reached XP level 9. HP: 52/74 MP: 3/19
  5349 | D:7      | Got a shimmering long sword
  5350 | D:7      | Identified the +6 long sword "Iroavuid" {pain, rElec} (You found it on level 7 of the Dungeon)
  5437 | D:7      | Found an iron altar of Okawaru.
  5786 | D:7      | Found a blossoming altar of Fedhas.
  6465 | D:8      | Found a glowing golden altar of the Shining One.
  6478 | D:8      | Reached skill level 1 in Evocations
  6765 | D:9      | Noticed Maurice
  6777 | D:9      | Noticed Erolcha
  6785 | D:9      | Killed Maurice
  6790 | D:9      | Killed Erolcha
  6790 | D:9      | Reached skill level 5 in Evocations
  6790 | D:9      | Reached XP level 10. HP: 68/81 MP: 14/23
  7026 | D:9      | Found a white marble altar of Elyvilon.
  7434 | D:9      | Noticed a two-headed ogre
  7457 | D:9      | Killed a two-headed ogre
  7977 | D:10     | Entered Level 10 of the Dungeon
  8065 | D:10     | Reached skill level 9 in Necromancy
  8171 | D:10     | Noticed a cyclops
  8316 | D:10     | Killed a cyclops
  8439 | D:10     | Noticed a wizard
  8772 | D:11     | Reached skill level 5 in Fighting
  8819 | D:11     | Killed an unseen horror
  8819 | D:11     | Reached skill level 10 in Necromancy
  9020 | D:11     | Noticed a six-headed hydra
  9601 | D:11     | Reached XP level 11. HP: 80/97 MP: 15/24
  9795 | D:11     | Found a staircase to the Lair.
 10114 | D:12     | Found Olea's Armour Boutique.
 10193 | D:12     | Noticed a brown ugly thing
 10203 | D:12     | Killed a brown ugly thing
 10424 | D:12     | Noticed a death knight
 10506 | D:11     | Reached skill level 11 in Necromancy
 10703 | D:12     | Killed a death knight
 10703 | D:12     | Reached skill level 5 in Dodging
 10771 | D:12     | Reached skill level 5 in Armour
 10972 | D:12     | Noticed a skeletal warrior
 10972 | D:12     | Noticed a skeletal warrior
 10972 | D:12     | Noticed a skeletal warrior
 11136 | D:12     | Found a staircase to the Orcish Mines.
 11339 | Lair:1   | Entered Level 1 of the Lair of Beasts
 12085 | D:13     | Noticed a centaur warrior
 12392 | D:13     | Noticed a two-headed ogre
 12494 | D:13     | Noticed a phantasmal warrior
 12694 | Lair:1   | Reached skill level 12 in Necromancy
 12978 | Lair:1   | Reached XP level 12. HP: 99/104 MP: 11/25
 13016 | Lair:1   | Noticed a five-headed hydra
 13066 | Lair:1   | Killed a five-headed hydra
 13066 | Lair:1   | Reached skill level 13 in Necromancy
 13436 | Orc:1    | Entered Level 1 of the Orcish Mines
 13610 | Orc:1    | Found a roughly hewn altar of Beogh.
 13716 | Orc:1    | Noticed an orc high priest
 13723 | Orc:1    | Killed an orc high priest
 13854 | Orc:1    | Reached skill level 14 in Necromancy
 14035 | Orc:2    | Entered Level 2 of the Orcish Mines
 14037 | Orc:2    | Noticed Rupert
 14038 | Orc:2    | Found a staircase to the Elven Halls.
 14044 | Orc:2    | Found a labyrinth entrance.
 14053 | Lab      | Entered a labyrinth
 14489 | Lab      | Noticed a minotaur
 14497 | Lab      | Killed a minotaur
 14499 | Lab      | Got a heavily runed iron ring
 14514 | Lab      | Identified the ring "Fus Xez" {Ice rElec} (You took it off a minotaur in a labyrinth)
 14516 | Lab      | Identified Sif Muna's Collected Works on Supportive Flames
 14653 | Orc:2    | Learned a level 3 spell: Conjure Flame
 14655 | Orc:2    | Learned a level 1 spell: Summon Butterflies
 14659 | Orc:2    | Learned a level 3 spell: Ignite Poison
 14665 | Orc:2    | Learned a level 5 spell: Silence
 14668 | Orc:2    | Learned a level 2 spell: Throw Flame
 14727 | Orc:2    | Reached skill level 5 in Axes
 15080 | Orc:2    | Paralysed by Rupert for 2 turns
 15083 | Orc:2    | Paralysed by Rupert for 3 turns
 15254 | Lair:2   | Got a smelly ring mail
 15327 | Lair:2   | Identified the cursed +0 ring mail of Deavasimn {rPois rC+} (You found it on level 2 of the Lair of Beasts)
 15589 | D:13     | Noticed a death knight
 15620 | D:13     | Killed a death knight
 15836 | D:13     | Noticed a centaur warrior
 15845 | D:13     | Killed a centaur warrior
 16188 | D:14     | Found a portal to a secret trove of treasure.
 16295 | D:14     | Reached XP level 13. HP: 80/111 MP: 5/26
 16336 | D:14     | Found a blossoming altar of Fedhas.
 16462 | D:14     | Reached skill level 10 in Axes
 16714 | Orc:2    | Killed Rupert
 16714 | Orc:2    | Reached skill level 1 in Conjurations
 16714 | Orc:2    | Reached skill level 1 in Summonings
 16714 | Orc:2    | Reached skill level 1 in Transmutations
 16714 | Orc:2    | Reached skill level 1 in Fire Magic
 16789 | Orc:2    | Reached skill level 1 in Hexes
 16789 | Orc:2    | Reached skill level 1 in Poison Magic
 16800 | Orc:2    | Reached skill level 1 in Air Magic
 16987 | Lair:2   | Identified a scroll of acquirement
 17238 | Lair:3   | Noticed Urug
 17263 | Lair:3   | Killed Urug
 17423 | Lair:5   | Noticed Snorg
 17488 | Lair:5   | Killed Snorg
 17617 | Lair:6   | Entered Level 6 of the Lair of Beasts
 17996 | Lair:5   | Found a staircase to the Slime Pits.
 18308 | Lair:2   | Bought a scroll labeled WINEOXY VUDA for 27 gold pieces
 18308 | Lair:2   | Bought a scroll labeled UCILUY HERIPUL for 27 gold pieces
 18569 | Orc:2    | Gained mutation: You resist negative energy. (rN+) [Deep Dwarf growth]
 18569 | Orc:2    | Reached XP level 14. HP: 115/118 MP: 19/27
 18952 | Orc:2    | Reached skill level 10 in Spellcasting
 18964 | Orc:2    | Noticed an orc warlord
 18989 | Orc:2    | Killed an orc warlord
 19013 | Orc:2    | Found a roughly hewn altar of Beogh.
 19029 | Orc:2    | Paralysed by an orc sorcerer for 2 turns
 19064 | Orc:2    | Found Desykuk's Weapon Emporium.
 19064 | Orc:2    | Found Haczuk's Antique Weapon Boutique.
 19065 | Orc:2    | Found Ittampoo's Weapon Boutique.
 19065 | Orc:2    | Found Iruelosmil's Book Shoppe.
 19396 | Orc:2    | Quit the game

Skill      XL: |  1  2  3  4  5  6  7  8  9 10 11 12 13 14 |
---------------+-------------------------------------------+-----
Spellcasting   | 2 3 4 6 9 10 | 10.4
Necromancy     | 5 6 7 8 10 12 14 | 14.5
Fighting       | 1 2 5 |  5.6
Axes           | 1 3 4 9 10 11 | 11.9
Armour         | 1 2 6 8 9 |  9.0
Shields        | 3 4 |  4.0
Evocations     | 5 6 |  6.3
Dodging        | 5 |  5.2
Conjurations   | 3 |  3.2
Summonings     | 2 |  2.0
Transmutations | 2 |  2.0
Fire Magic     | 3 |  3.0
Hexes          | 2 |  2.7
Poison Magic   | 2 |  2.0
Air Magic      | 3 |  3.2
Stealth        | |  2.4

Action                   |  1- 3 |  4- 6 |  7- 9 | 10-12 | 13-15 || total
-------------------------+-------+-------+-------+-------+-------++-------
Melee: Dagger            |    12 |       |       |       |       ||    12
       Whip              |       |    59 |   271 |    72 |       ||   402
       Long sword        |       |       |    82 |   445 |   413 ||   940
       Morningstar       |       |       |       |    13 |       ||    13
       Broad axe         |       |       |       |    12 |       ||    12
Throw: Javelin           |       |       |     1 |     5 |     7 ||    13
       Throwing net      |       |       |       |     1 |       ||     1
 Cast: Pain              |    34 |    30 |    58 |    14 |     4 ||   140
       Vampiric Draining |       |    15 |    35 |   261 |   142 ||   453
       Conjure Flame     |       |       |       |       |    14 ||    14
Invok: Call Merchant     |       |       |       |     4 |     2 ||     6
Evoke: Wand              |       |       |     5 |    47 |    38 ||    90
  Use: Scroll            |       |       |     6 |    22 |     4 ||    32
 Stab: Sleeping          |       |     1 |     3 |     4 |       ||     8
       Distracted        |       |       |     1 |     1 |     2 ||     4
       Paralysed         |       |       |       |     4 |       ||     4
  Eat: Chunk             |       |     5 |       |     1 |       ||     6
       Bread ration      |       |       |     2 |       |       ||     2
       Fruit             |       |       |     2 |    14 |     5 ||    21
       Meat ration       |       |       |     1 |     3 |     1 ||     5
       Royal jelly       |       |       |     1 |     3 |       ||     4
Armor: Ring mail         |     8 |    34 |   123 |   149 |       ||   314
       Robe              |     1 |       |       |       |       ||     1
       Chain mail        |       |       |       |    87 |       ||    87
       Fire dragon scale |       |       |       |    75 |   294 ||   369
Dodge: Dodged            |    28 |    62 |   120 |   271 |   278 ||   759
Block: Other             |       |    19 |     9 |       |       ||    28
       Buckler           |       |       |   179 |   414 |   338 ||   931
       Reflection        |       |       |     6 |    10 |     1 ||    17
       Rpst.: Long sword |       |       |    13 |    58 |    71 ||   142
